 Dungeon Crawl Stone Soup version 0.30-a0-799-g109b55a442 (webtiles) character file.

Game seed: 13684629379251066802

116 Smoke131 the Trooper (level 4, -2/41 HPs)
             Began as a Minotaur Fighter on Feb 20, 2023.
             Slain by a gnoll
             ... wielding a +0 halberd
              (5 damage)
             ... on level 3 of the Dungeon.
             The game lasted 00:04:12 (1894 turns).

Smoke131 the Trooper (Minotaur Fighter)             Turns: 1894, Time: 00:04:13

Health: -2/41      AC:  6    Str: 23    XL:     4   Next: 69%
Magic:  3/3        EV: 10    Int:  5    God:
Gold:   113        SH:  4    Dex:  9    Spells: 3/3 levels left

rFire   . . .      SeeInvis .    a - +0 long sword
rCold   . . .      Faith    .    c - +0 buckler
rNeg    . . .      Spirit   .    e - +3 leather armour
rPois   .          Reflect  .    (helmet restricted)
rElec   .          Harm     .    (no cloak)
rCorr   .          Rampage  .    (no gloves)
Will    .....                    (no boots)
Stlth   +                        j - amulet of the acrobat
HPRegen 0.26/turn                (no ring)
MPRegen 0.08/turn                (no ring)

@: brilliant, hasted, very quick
A: horns 2, retaliatory headbutt
a: no special abilities


You were on level 3 of the Dungeon.
You visited 1 branch of the dungeon, and saw 3 of its levels.

You collected 113 gold pieces.

Inventory:

Hand Weapons
 a - a +0 long sword (weapon)
Armour
 c - a +0 buckler (worn)
 e - a +3 leather armour (worn)
Jewellery
 j - an amulet of the acrobat (around neck)
 l - a ring of resist corrosion
Scrolls
 f - 5 scrolls of amnesia {unknown}
 g - 6 scrolls of identify {unknown}
 i - a scroll of poison {unknown}
 n - a scroll of vulnerability {unknown}
 o - a scroll of blinking {unknown}
 p - 3 scrolls of teleportation {unknown}
 q - a scroll of fog {unknown}
 r - a scroll of brand weapon {unknown}
Potions
 d - a potion of might
 k - a potion of invisibility {unknown}
 m - a potion of ambrosia {unknown}


   Skills:
 + Level 4.6 Fighting
 + Level 3.5 Long Blades
 + Level 4.5 Armour
 + Level 4.5 Shields


You had 3 spell levels left.
You didn't know any spells.
Your spell library contained the following spells:

 Spells                   Type           Power      Damage    Failure   Level
 Necrotise                Necr           0%         1d4       61%         1
 Sandblast                Erth           0%         2d4       61%         1
 Passwall                 Tmut/Erth      0%         N/A       75%         2
 Scorch                   Fire           0%         2d5       75%         2
 Stone Arrow              Conj/Erth      0%         3d7       93%         3
 Vampiric Draining        Necr           0%         2d6       93%         3
 Flame Wave               Conj/Fire      0%         2d4       100%        4
 Agony                    Necr           0%         N/A       100%        5
 Summon Cactus Giant      Summ           0%         N/A       100%        6


Dungeon Overview and Level Annotations

Branches:
Dungeon (3/15)

Altars:


Innate Abilities, Weirdness & Mutations

You have a pair of horns on your head.
You reflexively headbutt those who attack you in melee.


Message History

You barely miss the orc. You headbutt the orc.
The orc is almost dead.
The orc hits you with a +0 hand axe. The orc attacks as you move away!
The orc hits you with a +0 hand axe.
The orc priest attacks as you move away!
The orc priest completely misses you.
You hit the orc priest but do no damage.
The orc priest hits you but does no damage.
You block the orc priest's attack.
You hit the orc priest.
The orc priest is lightly wounded.
The gnoll hits you from afar with a +0 halberd!
The orc priest hits you with a +0 mace.
You hit the orc priest but do no damage.
The orc priest is lightly wounded.
You block the gnoll's attack. You block the orc priest's attack.
You barely miss the orc priest.
The orc priest is lightly wounded.
You block the gnoll's attack.
The orc priest begins to cast a cantrip, but forgets the words!
The gnoll barely misses you. You block the orc priest's attack.
You hit the orc priest but do no damage.
The gnoll closely misses you. The orc priest hits you with a +0 mace.
You barely miss the orc priest. Your headbutt misses the orc priest.
You block the gnoll's attack.
The orc priest looks encouraged for a moment.
You hit the orc priest but do no damage.
The gnoll hits you from afar with a +0 halberd!
* * * LOW HITPOINT WARNING * * *
The orc priest hits you with a +0 mace.
* * * LOW HITPOINT WARNING * * *
An orc comes into view. It is wielding a +0 dagger.
It was a potion of haste.
You feel yourself speed up.
The orc shouts!
You hear a shout! x2; You hear an angry hiss.
You block the gnoll's attack.
The orc priest hits you but does no damage.
It was a potion of brilliance.
You feel clever all of a sudden.
The gnoll hits you from afar with a +0 halberd.
You die...

........!.#.. .
............. ..
....#.......#...
..#..........$.
#....)...............
#.......##..o...g.o..
#..........oog.#
#.........##o###
###.......# ##@#
#.........###..#
#..........##.##
#..........##[#
#.........<#.)#
#............##
#.....[....###
#.....####†# #...>#
#...#


You could see an orc priest, a gnoll and 3 orcs.

Vanquished Creatures
  Natasha (thrice) (D:2)
  2 endoplasms (D:2)
  4 giant cockroaches
  5 goblins
  A hobgoblin (D:2)
  2 jackals (D:1)
  3 quokkas
  5 ball pythons
  3 bats
  4 frilled lizards
  5 kobolds
  3 rats
40 creatures vanquished.

Notes
Turn   | Place    | Note
-------+----------+-------------------------------------------
     0 | D:1      | Smoke131 the Minotaur Fighter began the quest for the Orb.
     0 | D:1      | Reached XP level 1. HP: 19/19 MP: 0/0
   156 | D:1      | Reached XP level 2. HP: 25/27 MP: 1/1
   211 | D:1      | You fall into a shaft and drop 1 floor!
   809 | D:2      | Reached XP level 3. HP: 33/33 MP: 2/2
  1166 | D:2      | Noticed Natasha
  1177 | D:2      | Killed Natasha
  1644 | D:2      | Noticed Natasha
  1653 | D:2      | Killed Natasha
  1654 | D:2      | Reached XP level 4. HP: 7/41 MP: 3/3
  1801 | D:2      | Noticed Natasha
  1812 | D:2      | Killed Natasha
  1892 | D:3      | HP: 2/41 [orc priest/+0 mace (3)]
  1894 | D:3      | Slain by a gnoll

Illustrated notes

Levels and vault maps discovered:
D:1:      dpeg_arrival_shrine, layout_loops_ring
D:2:      layout_loops_corners, uniq_natasha
D:3:      layout_rooms, nzn_overflow_gifts_of_might_and_magic,
          ebering_ecumenical_altar_abandoned, minmay_ruptured

Skill      XL: |  1  2  3 |
---------------+----------+-----
Fighting       | 4 |  4.6
Shields        | 4 |  4.5
Armour         | 4 |  4.5
Long Blades    | 3 |  3.5

Action                     |  1- 3 |  4- 6 || total
---------------------------+-------+-------++-------
  Melee: Long sword        |    92 |    19 ||   111
         Headbutt          |     7 |     3 ||    10
    Use: Potion            |       |     2 ||     2
 Armour: Leather armour    |    39 |     6 ||    45
  Dodge: Dodged            |    51 |     7 ||    58
  Block: Buckler           |    19 |     7 ||    26

Table legend: (Time is in decaauts)
 A = Elapsed time spent in this place.
 B = Non-inter-level travel time spent in this place.
 C = Inter-level travel time spent in this place.
 D = Time resting spent in this place.
 E = Time spent auto-exploring this place.
 F = Levels seen in this place.
 G = Mean time per level.
                   A        B        C        D        E       F      G
               +--------+--------+--------+--------+--------+-----+--------+
         Total |   1942 |   1778 |    164 |    161 |   1052 |   3 |  647.3 |
       Dungeon |   1942 |   1778 |    164 |    161 |   1052 |   3 |  647.3 |
               +--------+--------+--------+--------+--------+-----+--------+

Top non-repeatable levels by time:
     D:2: 1218 daAuts
     D:1: 681 daAuts
     D:3: 42 daAuts
